Map: Fear and Faith LE

Players

Dablin

  • Race: Terran Terran
  • Spawn Location: 11:00

Arcurus - Winner!

  • Race: Protoss Protoss
  • League: Bronze
  • Spawn Location: 7:00

VOD

Have the link to the VOD?

Description

the guy had like 600 more mmr than me and i somehow won and then saw he lost 300 mmr!

Time

  • Played on: June 26, 2026, 1:49 p.m.
  • Length: 23:29
Show
View Real Time Build Order
Export as new Build Order

Dablin Terran 

Build Orders:  

Get SALT Encoding   

  8  0:01  SCV  
  9  0:27  Supply Depot  
  9  1:03  Barracks  
  9  1:41  SCV  
  10  1:53  SCV  
  11  1:55  Bunker  
  11  2:03  Refinery  
  11  2:05  SCV  
  12  2:21  Marine  
  13  2:39  Marine  
  14  2:46  Engineering Bay  
  14  2:57  Marine  
  15  3:02  SCV  
  16  3:14  SCV  
  16  3:17  Barracks Reactor  
  17  3:26  SCV  
  18  3:29  Missile Turret  
  18  3:43  Refinery  
  18  3:46  Orbital Command  
  18  3:49  Missile Turret  
  18  3:53  Marine  
  19  3:59  Marine  
  20  4:11  Marine  
  21  4:39  Marine x2  
  23  4:57  Marine x2  
  25  5:00  Supply Depot x2  
  25  5:15  Marine  
  25  5:16  Marine  
  27  6:14  Marine  
  27  6:15  Marine  
  29  6:32  Marine x2  
  31  6:50  Marine x2  
  32  7:08  Marine x2  
  27  7:21  Missile Turret  
  27  7:23  Missile Turret  
  27  7:26  Marine x2  
  29  7:42  Missile Turret  
  29  7:43  Marine  
  29  7:44  Marine, Missile Turret  
  31  8:01  Marine x2  
  33  8:06  Factory  
  33  8:22  Sensor Tower  
  33  8:52  Starport  
  33  9:18  Armory  
  33  9:43  Starport Tech Lab  
  33  9:45  Fusion Core  
  33  10:02  Starport  
  33  10:33  Starport  
  39  10:41  Viking  
  35  10:53  Starport Reactor  
  35  11:09  Terran Vehicle And Ship Armor Level 1  
  35  11:11  Viking  
  37  11:31  Viking  
  39  11:38  SCV  
  40  11:41  Viking  
  42  11:50  SCV  
  43  12:11  Viking  
  45  12:22  Starport Reactor  
  45  12:26  Viking x2  
  49  12:41  Viking  
  51  12:47  Supply Depot  
  51  12:52  Supply Depot  
  51  12:56  Viking  
  53  13:04  Terran Ship Weapons Level 1  
  53  13:08  Viking  
  53  13:10  Supply Depot  
  55  13:26  Viking  
  57  13:33  Viking x2  
  64  14:03  Viking  
  63  14:25  Viking  
  63  14:28  Viking x2  
  69  14:33  Viking  
  71  14:55  Viking  
  71  14:58  Viking x2  
  77  15:28  Viking x2  
  81  15:43  Viking x2  
  85  15:59  Supply Depot  
  85  16:03  Supply Depot  
  85  16:13  Viking x2  
  89  17:16  Factory Tech Lab  
  89  17:45  Thor  
  95  18:28  Thor  
  101  19:11  Thor  
Show
View Real Time Build Order
Export as new Build Order

Arcurus Protoss - Winner!

Build Orders:  

Get SALT Encoding   

  8  0:01  Probe  
  9  0:19  Pylon  
  9  0:25  Probe  
  10  0:43  Gateway  
  10  0:52  Assimilator  
  10  1:02  Probe (Chrono Boost)  
  11  1:14  Probe (Chrono Boost)  
  12  1:19  Probe (Chrono Boost)  
  13  1:37  Cybernetics Core  
  13  1:41  Zealot  
  15  1:48  Probe  
  15  1:53  Pylon  
  16  2:01  Probe  
  17  2:17  Stalker  
  19  2:33  Stargate  
  19  2:36  Probe  
  20  2:49  Probe  
  21  2:54  Assimilator  
  21  3:04  Probe  
  22  3:07  Zealot  
  24  3:19  Robotics Facility  
  24  3:26  Probe  
  25  3:35  Sentry  
  27  3:50  Pylon  
  27  4:10  Immortal  
  31  4:18  Void Ray  
  35  4:59  Robotics Bay  
  35  5:02  Zealot  
  35  5:06  Gateway  
  37  5:35  Pylon  
  37  5:48  Pylon  
  37  5:53  Probe, Zealot, Immortal  
  44  6:06  Stalker  
  46  6:11  Pylon  
  46  6:28  Forge  
  45  6:49  Colossus  
  51  6:59  Probe  
  50  7:10  Zealot  
  50  7:11  Probe (Chrono Boost)  
  54  7:24  Probe (Chrono Boost)  
  54  7:30  Probe (Chrono Boost)  
  55  7:43  Nexus  
  55  7:54  Warp Gate  
  55  7:57  Pylon  
  55  8:03  Protoss Ground Weapons Level 1  
  55  8:16  Immortal  
  59  8:32  Void Ray  
  63  8:44  Probe  
  64  8:54  Stalker  
  64  8:55  Stalker  
  68  8:57  Probe  
  68  9:01  Probe  
  70  9:15  Probe  
  70  9:16  Probe  
  72  9:23  Colossus  
  78  9:59  Void Ray  
  82  10:14  Pylon  
  82  10:16  Pylon  
  82  10:19  Pylon  
  82  10:32  Colossus, Probe (Chrono Boost)  
  90  10:44  Probe (Chrono Boost)  
  90  10:49  Probe (Chrono Boost)  
  91  10:59  Probe (Chrono Boost)  
  92  11:11  Probe (Chrono Boost)  
  93  11:12  Fleet Beacon  
  93  11:15  Pylon  
  93  11:17  Probe (Chrono Boost)  
  94  11:18  Zealot  
  94  11:19  Stalker  
  94  11:22  Twilight Council  
  94  11:25  Probe  
  97  11:37  Robotics Facility  
  97  11:41  Stargate  
  97  11:43  Phoenix  
  99  11:49  Assimilator  
  99  11:54  Assimilator  
  99  11:56  Probe  
  100  12:02  Extended Thermal Lance  
  100  12:19  Protoss Shields Level 1  
  100  12:22  Probe (Chrono Boost)  
  101  12:32  Probe (Chrono Boost)  
  102  12:37  Probe (Chrono Boost), Charge  
  103  12:51  Probe (Chrono Boost)  
  104  12:57  Zealot  
  104  12:58  Zealot  
  108  13:02  Probe (Chrono Boost)  
  108  13:05  Phoenix x2  
  111  13:06  Probe (Chrono Boost)  
  114  13:40  Nexus  
  114  13:47  Pylon  
  114  13:51  Pylon  
  114  13:53  Pylon  
  114  13:59  Pylon  
  114  14:04  Colossus  
  114  14:08  Observer  
  121  14:53  Probe  
  122  15:05  Probe  
  122  15:06  Colossus x2  
  135  15:13  Phoenix  
  137  15:15  Phoenix  
  137  15:17  Probe  
  140  15:29  Protoss Ground Armor Level 1, Probe  
  140  15:34  Anion Pulse-Crystals  
  141  15:38  Phoenix  
  141  15:40  Phoenix  
  141  15:41  Probe  
  146  15:48  Pylon  
  146  15:52  Templar Archives  
  146  15:58  Probe (Chrono Boost)  
  146  16:03  Immortal  
  155  16:04  Immortal  
  155  16:07  Phoenix  
  155  16:08  Probe (Chrono Boost)  
  155  16:09  Phoenix  
  160  16:13  Probe (Chrono Boost)  
  161  16:18  Pylon  
  161  16:25  Gateway  
  161  16:37  High Templar x2  
  165  16:44  Archon  
  165  16:45  Assimilator  
  165  17:00  Photon Cannon  
  165  17:02  Photon Cannon  
  165  17:04  Protoss Air Weapons Level 1  
  165  17:18  Gateway  
  165  17:36  High Templar x2  
  169  17:40  Assimilator  
  169  17:42  Archon  
  168  18:00  Colossus  
  174  18:05  Pylon  
  174  18:08  Pylon  
  174  18:24  Immortal  
  178  18:30  Pylon  
  178  18:32  Nexus  
  178  18:38  Protoss Ground Weapons Level 2  
  178  18:54  Photon Cannon  
  178  19:06  Phoenix  
  178  19:08  Void Ray  
  184  19:10  Colossus  
  184  19:11  Immortal  
  184  19:13  Protoss Air Armor Level 1  
  194  19:18  High Templar  
  194  19:21  High Templar  
  198  19:27  Archon  
  198  19:54  Flux Vanes  
  135  22:00  Zealot x2  
  139  22:04  Phoenix  
  139  22:06  Void Ray  
  139  22:08  Immortal, Colossus  
  155  22:29  Phoenix  
Tags
 
Add a new tag
Caveats
  • Supply blocks, unpowered buildings, or Contaminate may cause inaccurate times.
  • Supply counts are checked every 10 seconds.